 Dungeon Crawl Stone Soup version 0.28.0-49-g6dfe1f597d (webtiles) character file.

Game seed: 7618353363136653526

99 GigaChad the Covered (level 4, -2/40 HPs)
             Began as a Minotaur Fighter on May 12, 2022.
             Slain by a kobold
             ... wielding a +0 short sword
              (3 damage)
             ... on level 3 of the Dungeon.
             The game lasted 00:03:49 (1895 turns).

GigaChad the Covered (Minotaur Fighter)             Turns: 1895, Time: 00:03:50

Health: -2/40      AC:  7    Str: 20    XL:     4   Next: 45%
Magic:  3/3        EV:  9    Int:  7    God:
Gold:   59         SH:  4    Dex: 10    Spells: 3/3 levels left

rFire   . . .      SeeInvis .   a - +0 long sword
rCold   . . .      Faith    .   c - +0 buckler
rNeg    . . .      Spirit   .   b - +0 scale mail
rPois   .          Reflect  .   (helmet restricted)
rElec   .          Harm     .   (no cloak)
rCorr   .          Rampage  .   (no gloves)
Will    .....                   (no boots)
Stlth   ..........              (no amulet)
HPRegen 0.13/turn               (no ring)
MPRegen 0.08/turn               (no ring)

@: no status effects
A: horns 2, retaliatory headbutt
a: no special abilities


You were on level 3 of the Dungeon.
You visited 1 branch of the dungeon, and saw 3 of its levels.

You collected 59 gold pieces.

Inventory:

Hand Weapons
 a - a +0 long sword (weapon)
 f - a +0 mace of holy wrath
Missiles
 h - 2 throwing nets
 j - a poisoned dart (quivered)
Armour
 b - a +0 scale mail (worn)
 c - a +0 buckler (worn)
Scrolls
 e - 2 scrolls of teleportation {unknown}
 g - a scroll of identify {unknown}
Potions
 d - a potion of might
 i - 2 potions of curing {unknown}


   Skills:
 + Level 4.2 Fighting
 + Level 4.0 Long Blades
 + Level 4.4 Armour
 + Level 0.5 Dodging
 + Level 4.2 Shields


You had 3 spell levels left.
You didn't know any spells.
Your spell library was empty.

Dungeon Overview and Level Annotations

Branches:
Dungeon (3/15)

Altars:


Innate Abilities, Weirdness & Mutations

You have a pair of horns on your head.
You reflexively headbutt those who attack you in melee.


Message History

Things that are here:
a +0 short sword; a +0 war axe; an orc corpse You barely miss the gnoll.
The gnoll completely misses you. The kobold completely misses you.
The gnoll hits you with a +0 spear. The gnoll hits you but does no damage.
The gnoll barely misses you.
You barely miss the gnoll. You headbutt the gnoll!
The gnoll is severely wounded.
The kobold hits you with a +0 short sword.
You block the gnoll's attack. x2; The gnoll barely misses you.
You hit the gnoll.
The gnoll is almost dead.
The kobold hits you with a +0 short sword.
* * * LOW HITPOINT WARNING * * *
The gnoll hits you but does no damage. x2; The gnoll barely misses you.
You slash the gnoll!
You kill the gnoll!
The kobold hits you with a +0 short sword.
* * * LOW HITPOINT WARNING * * *
You block the gnoll's attack. The gnoll hits you but does no damage.
The ball python bites you but does no damage.
The ball python grabs you. The ball python constricts you.
The kobold hits you with a +0 short sword.
* * * LOW HITPOINT WARNING * * *
The gnoll hits you with a +0 spear.
* * * LOW HITPOINT WARNING * * *
Your Long Blades skill increases to level 4!
You escape the ball python's grasp.
The ball python bites you but does no damage.
The ball python grabs you. The ball python constricts you.
The gnoll barely misses you.
Things that are here:
a +0 spear; a gnoll corpse You slash the ball python!
You kill the ball python!
The gnoll barely misses you. The gnoll hits you with a +0 spear.
* * * LOW HITPOINT WARNING * * *
The gnoll closely misses you. The gnoll hits you but does no damage.
The kobold hits you with a +0 short sword.
You die...

##### ... #...#
.... #...# ....
#...# .....
#...###.....
#...#.......
##..g#.#.....
..#...g).(.....
.........K@....###
.[......##.###..#
.......###<# ..#
....... #...# .
......# #...#
##...# #...# ####
#.... #.....
#...##.


You could see 2 gnolls and a kobold.

Vanquished Creatures
  An orc priest (D:3)
  A gnoll (D:3)
  An adder (D:2)
  2 dart slugs (D:1)
  An orc (D:3)
  6 endoplasms
  2 giant cockroaches (D:1)
  A goblin (D:1)
  4 hobgoblins
  3 jackals (D:1)
  4 kobolds
  2 quokkas
  3 ball pythons
  6 bats
  3 frilled lizards (D:1)
  6 rats
  A spectral goblin (D:2)
47 creatures vanquished.

Notes
Turn   | Place    | Note
-------+----------+-------------------------------------------
     0 | D:1      | GigaChad the Minotaur Fighter began the quest for the Orb.
     0 | D:1      | Reached XP level 1. HP: 19/19 MP: 0/0
   217 | D:1      | Reached XP level 2. HP: 20/27 MP: 1/1
   670 | D:1      | Reached XP level 3. HP: 33/33 MP: 2/2
  1273 | D:2      | Found a faded altar of an unknown god.
  1888 | D:3      | Reached XP level 4. HP: 23/40 MP: 3/3
  1892 | D:3      | HP: 2/40 [gnoll/+0 spear (3)]
  1895 | D:3      | Slain by a kobold

Illustrated notes

Levels and vault maps discovered:
D:1:      amcnicky_arrival_wind_blow, layout_basic, grunt_decor_arrowhead,
          serial_park_tiny_pond, nicolae_figureground_sparkle
D:2:      layout_loops_ring, dreamdust_ecumenical_altar_drowned_temple
D:3:      layout_rooms, amcnicky_altar_lugonu_corruption,
          uniq_crazy_yiuf_cottage

Skill      XL: |  1  2  3  4 |
---------------+-------------+-----
Fighting       | 4 |  4.2
Shields        | 4 |  4.2
Armour         | 4 |  4.4
Long Blades    | 3 4 |  4.0
Dodging        | |  0.5

Action                   |  1- 3 |  4- 6 || total
-------------------------+-------+-------++-------
Melee: Long sword        |    83 |     5 ||    88
       Headbutt          |     9 |     1 ||    10
Throw: Dart              |     1 |       ||     1
Armor: Scale mail        |    60 |     8 ||    68
Dodge: Dodged            |    54 |     9 ||    63
Block: Buckler           |    27 |     3 ||    30
